 Dungeon Crawl Stone Soup version 0.26.1-11-gd32895ea62 (webtiles) character file.

Game seed: 2100881071806177922

570 Zeld the Chopper (level 7, -4/61 HPs)
             Began as a Hill Orc Monk on June 13, 2021.
             Slain by an orc warrior
             ... wielding a +0 mace
              (11 damage)
             ... on level 4 of the Dungeon.
             The game lasted 00:08:18 (7779 turns).

Zeld the Chopper (Hill Orc Monk)                    Turns: 7779, Time: 00:08:19

Health: -4/61      AC: 10    Str: 16    XL:     7   Next: 34%
Magic:  7/7        EV:  5    Int: 10    God:
Gold:   201        SH:  0    Dex: 13    Spells: 6/6 levels left

rFire    . . .     SeeInvis .   a - +0 hand axe
rCold    . . .     Faith    .   (no shield)
rNeg     . . .     Spirit   .   u - +0 plate armour
rPois    .         Reflect  .   (no helmet)
rElec    .         Harm     .   (no cloak)
rCorr    .         Rampage  .   (no gloves)
Will     .....                  (no boots)
Stlth    ..........             (no amulet)
HPRegen  0.20/turn              (no ring)
MPRegen  0.10/turn              (no ring)

@: no status effects
A: no striking features
a: no special abilities


You were on level 4 of the Dungeon.
You visited 2 branches of the dungeon, and saw 6 of its levels.

You collected 201 gold pieces.

Inventory:

Hand Weapons
 a - a +0 hand axe (weapon)
Missiles
 i - 8 boomerangs (quivered)
Armour
 u - a +0 plate armour (worn)
Jewellery
 f - a +4 ring of slaying {unknown}
 s - a +6 ring of strength {unknown}
 w - an uncursed amulet of regeneration {unknown}
 y - a cursed ring of teleportation {unknown}
Scrolls
 c - a scroll of blinking {unknown}
 h - 3 scrolls of identify {unknown}
 j - a scroll of amnesia {unknown}
 k - a scroll of teleportation {unknown}
 l - 3 scrolls of remove curse {unknown}
 p - a scroll of immolation {unknown}
 r - 2 scrolls of magic mapping {unknown}
 t - 2 scrolls of fog {unknown}
 x - a scroll of enchant weapon {unknown}
Potions
 b - a potion of cancellation {unknown}
 d - 3 potions of heal wounds {unknown}
 e - a potion of flight {unknown}
 g - a potion of haste {unknown}
 m - 2 potions of curing {unknown}
 n - 2 potions of lignification {unknown}
 o - 2 potions of invisibility {unknown}
 q - a potion of degeneration {unknown}
 v - a potion of mutation {unknown}


   Skills:
 + Level 5.4 Fighting
 * Level 7.2 Axes
 * Level 3.1 Throwing
 + Level 3.6 Dodging
 - Level 1.5 Stealth


You had 6 spell levels left.
You didn't know any spells.
Your spell library was empty.

Dungeon Overview and Level Annotations

Branches:
Dungeon (5/15)             Temple (1/1) D:4

Altars:
Cheibriados
Dithmenos
Elyvilon
Fedhas
Gozag
Hepliaklqana
Kikubaaqudgha
Makhleb
Nemelex Xobeh
Okawaru
Qazlal
Ru
Sif Muna
Trog
Uskayaw
Vehumet
Wu Jian
Xom
Zin
The Shining One
Lugonu


Message History

Unknown command.
There is an open door here.
You close the door.
An orc warrior is nearby!
The orc warrior hits you with a +0 mace.
The orc warrior hits you but does no damage.
The orc warrior hits you with a +0 mace!
* * * LOW HITPOINT WARNING * * *
There is an open door here.
Really walk into that dispersal trap?
You enter a dispersal trap!
The orc warrior blinks! x2; You blink.
There is an open door here.
The orc warrior hits you with a +0 mace!
* * * LOW HITPOINT WARNING * * *
There is an open door here.
There is an open door here.
The orc warrior hits you with a +0 mace!
* * * LOW HITPOINT WARNING * * *
The orc warrior hits you with a +0 mace!
You die...

.##...##...##..################
......#.........#
......'.........#
......#......<..#
###..##########################
###..#........................#
#....#........................#
#....#........................#
#....'.........o@^............#
####+#.....>..................#
............####'#####'########
............#...........#
............#...........#
............#.........>.#
............#...........#
............#...........#
............#...........#


You could see an orc warrior.

Vanquished Creatures
  An ogre (D:3)
  A centaur (D:4)
  Blork the orc (D:4)
  A bullfrog zombie (D:5)
  2 hounds (D:4)
  A worker ant (D:4)
  4 gnolls (D:2)
  5 adders
  2 shadow imps
  An ooze (D:4)
  An adder skeleton (D:4)
  2 worms
  2 dart slugs (D:3)
  2 leopard geckos
  2 orcs (D:3)
  7 giant cockroaches
  8 goblins
  9 hobgoblins
  7 jackals
  7 kobolds
  4 quokkas
  5 ball pythons
  8 bats
  12 frilled lizards
  A quokka skeleton (D:4)
  9 rats
105 creatures vanquished.

Vanquished Creatures (others)
  3 plants (D:2)
3 creatures vanquished.

Grand Total: 108 creatures vanquished

Notes
Turn   | Place    | Note
-------+----------+-------------------------------------------
     0 | D:1      | Zeld the Hill Orc Monk began the quest for the Orb.
     0 | D:1      | Reached XP level 1. HP: 19/19 MP: 1/1
   185 | D:2      | Reached XP level 2. HP: 27/27 MP: 2/2
   718 | D:3      | Reached XP level 3. HP: 29/33 MP: 3/3
  1199 | D:3      | Reached skill level 5 in Axes
  2017 | D:3      | Reached XP level 4. HP: 40/40 MP: 4/4
  2089 | D:3      | Noticed an ogre
  2502 | D:1      | Found a shimmering altar of Xom.
  3337 | D:2      | Found a hide-covered altar of Uskayaw.
  4042 | D:2      | Reached skill level 1 in Throwing
  4042 | D:2      | Reached XP level 5. HP: 22/47 MP: 5/5
  5113 | D:2      | Found an ornate altar of the Wu Jian Council.
  5309 | D:2      | Found a sparkling altar of Nemelex Xobeh.
  5312 | D:2      | Found a shadowy altar of Dithmenos.
  5315 | D:2      | Found a sacrificial altar of Ru.
  5571 | D:3      | Reached skill level 6 in Axes
  5770 | D:3      | Killed an ogre
  5771 | D:3      | Reached XP level 6. HP: 14/55 MP: 6/6
  6188 | D:4      | Noticed Blork the orc
  6208 | D:4      | Killed Blork the orc
  6209 | D:4      | Reached skill level 5 in Fighting
  6390 | D:4      | Found a burning altar of Makhleb.
  6753 | D:4      | Found a staircase to the Ecumenical Temple.
  6786 | D:4      | Reached XP level 7. HP: 60/61 MP: 7/7
  6877 | Temple   | Entered the Ecumenical Temple
  7120 | D:4      | Found a shimmering altar of Xom.
  7159 | D:5      | Entered Level 5 of the Dungeon
  7202 | D:5      | Found a snail-covered altar of Cheibriados.
  7217 | D:5      | Found a burning altar of Makhleb.
  7220 | D:5      | Found a radiant altar of Vehumet.
  7220 | D:5      | Found an opulent altar of Gozag.
  7221 | D:5      | Found a stormy altar of Qazlal.
  7235 | D:5      | Reached skill level 7 in Axes
  7255 | D:5      | Found a shimmering blue altar of Sif Muna.
  7779 | D:4      | Slain by an orc warrior

Illustrated notes

Levels and vault maps discovered:
D:1:      mainiacjoe_arrival_reflecting_pool, layout_basic, xom_teletrap_fun
D:2:      layout_basic, nzn_wu_jian_council_hall,
          eat_drink_and_be_merry_uskayaw, grunt_temple_overflow_diamond,
          minmay_shallow_snake_nest
D:3:      minmay_octagon_keep, layout_basic, nrook_loot_triangle
D:4:      layout_gridville, marbit_many_paths, minmay_temple_entry_glassed_door,
          bloody_makhleb, uniq_blork_the_orc
D:5:      layout_rooms, minitemple
Temple:   corrupted_temple

Skill      XL: |  1  2  3  4  5  6  7 |
---------------+----------------------+-----
Fighting       | 4 5 |  5.4
Axes           | 5 6 7 |  7.2
Throwing       | 1 2 3 |  3.1
Dodging        | 3 |  3.6
Stealth        | |  1.5

Action                   |  1- 3 |  4- 6 |  7- 9 || total
-------------------------+-------+-------+-------++-------
Melee: Hand axe          |   103 |   312 |    56 ||   471
Throw: Throwing net      |       |     1 |       ||     1
 Stab: Sleeping          |     1 |     3 |       ||     4
Armor: Robe              |    15 |    13 |       ||    28
       Plate armour      |       |   184 |    40 ||   224
Dodge: Dodged            |    61 |   139 |    12 ||   212
